 Dungeon Crawl Stone Soup version 0.29-a0-187-ga23d9638d5 (webtiles) character file.

Game seed: 12032642529743651643

152 mopl the Slasher (level 5, 0/42 HPs)
             Began as a Merfolk Fighter on Feb 21, 2022.
             Slain by Grinder (2 damage)
             ... while paralysed by Grinder
             ... on level 3 of the Dungeon.
             The game lasted 00:02:58 (2544 turns).

mopl the Slasher (Merfolk Fighter)                  Turns: 2544, Time: 00:02:59

Health: 0/42       AC:  9    Str: 18    XL:     5   Next: 34%
Magic:  5/5        EV:  2    Int:  7    God:
Gold:   102        SH:  0    Dex: 14    Spells: 4/4 levels left

rFire   . . .      SeeInvis .   a - +0 long sword
rCold   . . .      Faith    .   c - +0 buckler
rNeg    . . .      Spirit   .   f - +0 chain mail
rPois   .          Reflect  .   (no helmet)
rElec   .          Harm     .   (no cloak)
rCorr   .          Rampage  .   (no gloves)
Will    .....                   (no boots)
Stlth   ..........              (no amulet)
HPRegen 0.14/turn               (no ring)
MPRegen 0.09/turn               (no ring)

@: paralysed, mighty, on berserk cooldown, slowed
A: (nimble swimmer 2), mertail
a: no special abilities


You were on level 3 of the Dungeon.
You visited 1 branch of the dungeon, and saw 3 of its levels.

You collected 102 gold pieces.

Inventory:

Hand Weapons
 a - a +0 long sword (weapon)
Missiles
 n - a javelin (quivered)
 o - 4 boomerangs
Armour
 c - a +0 buckler (worn)
 f - a +0 chain mail (worn)
Scrolls
 g - 3 scrolls of silence {unknown}
 h - a scroll of magic mapping {unknown}
 j - 5 scrolls of teleportation
 k - 2 scrolls of immolation {unknown}
 l - a scroll of amnesia {unknown}
 r - a scroll of holy word {unknown}
Potions
 b - a potion of mutation {!q}
 e - a potion of brilliance
 m - a potion of heal wounds
 p - a potion of haste {unknown}
 q - a potion of attraction {unknown}
 s - a potion of lignification {unknown}


   Skills:
 + Level 4.1 Fighting
 * Level 4.4 Long Blades
 + Level 2.7 Armour
 + Level 2.6 Dodging
 - Level 3.0 Shields


You had 4 spell levels left.
You didn't know any spells.
Your spell library was empty.

Dungeon Overview and Level Annotations

Branches:
Dungeon (3/15)

Altars:
Cheibriados

Shops:
D:1 (

Annotations:
D:3 3 runed translucent doors, Grinder; Protee's ghost, amateur DDNe


Innate Abilities, Weirdness & Mutations

((You are very nimble when in or above water. (Stealth+, EV+, Speed+++)))
Your lower body shifts to a powerful aquatic tail in water.


Message History

You writhe in agony.
You feel very mighty all of a sudden. Grinder hits you.
Grinder blinks!
Grinder gestures at you. You resist with significant effort.
Grinder gestures at you. Pain shoots through your body!
Grinder gestures at you. Pain shoots through your body!
* * * LOW HITPOINT WARNING * * *
You slash Grinder!
Grinder is moderately wounded.
Grinder hits you.
* * * LOW HITPOINT WARNING * * *
You writhe in agony.
* * * LOW HITPOINT WARNING * * *
Grinder hits you but does no damage.
You slash Grinder!
Grinder is severely wounded.
Grinder hits you.
* * * LOW HITPOINT WARNING * * *
Grinder drinks a potion.
Grinder is healed!
Unknown command.
You hit Grinder.
Grinder is lightly wounded.
Grinder gestures at you.
You suddenly lose the ability to move!
Grinder hits you.
* * * LOW HITPOINT WARNING * * *
Grinder blinks!
You can move again.
Grinder blinks! x2
Throw: 2 javelins
Press: ? - help, Q - select action, (/) - cycle Shift-Dir - straight line, f - Grinder
Aim: Grinder (lightly wounded, 57% to hit)
You throw a javelin. The javelin closely misses Grinder.
Grinder gestures at you.
You suddenly lose the ability to move!
Grinder hits you.
You die...

.#....###.#.#.#.......#
.#....+.......#..####.#
.#....##....###..# #.#
.#....##....'....# #.#
##....##....###.#####.#
##....##....# #.......#
##....##....# #(.######
# ##+#####.5# #
#.......@# # ########.#
# #.# # ##### #.######
# #...# #......# #
#...############.#
#######..'.......# #.#
#.....#..#######'####.#
#(...8#.............#.#


You could see Grinder.

Vanquished Creatures
  An iron imp (D:3)
  5 adders
  An ufetubus (D:3)
  2 worms (D:3)
  2 dart slugs (D:3)
  An orc (D:3)
  3 ball pythons
  8 bats
  5 endoplasms
  4 giant cockroaches
  6 goblins
  3 hobgoblins (D:1)
  5 quokkas
  10 kobolds
  3 rats
59 creatures vanquished.

Notes
Turn   | Place    | Note
-------+----------+-------------------------------------------
     0 | D:1      | mopl the Merfolk Fighter began the quest for the Orb.
     0 | D:1      | Reached XP level 1. HP: 18/18 MP: 1/1
    38 | D:1      | Found Touph's Weapon Boutique.
   116 | D:1      | Reached XP level 2. HP: 19/24 MP: 2/2
   146 | D:1      | Reached skill level 1 in Dodging
   257 | D:1      | Reached skill level 3 in Long Blades
   401 | D:1      | Reached XP level 3. HP: 20/29 MP: 3/3
  1116 | D:2      | Reached XP level 4. HP: 12/37 MP: 4/4
  1470 | D:2      | You fall into a shaft and drop 1 floor!
  1488 | D:3      | Reached skill level 2 in Dodging
  1823 | D:3      | Found a snail-covered altar of Cheibriados.
  1835 | D:3      | Reached skill level 4 in Long Blades
  2100 | D:3      | Reached skill level 4 in Fighting
  2203 | D:3      | Reached XP level 5. HP: 31/42 MP: 5/5
  2407 | D:3      | Found a runed translucent gate.
  2407 | D:3      | Noticed Protee's ghost (amateur DDNe)
  2411 | D:3      | Found a runed translucent gate.
  2411 | D:3      | Found a runed translucent gate.
  2519 | D:3      | Noticed Grinder
  2520 | D:3      | Paralysed by Grinder for 2 turns
  2538 | D:3      | Paralysed by Grinder for 4 turns
  2539 | D:3      | HP: 1/42 [Grinder (3)]
  2543 | D:3      | Paralysed by Grinder for 6 turns
  2544 | D:3      | Slain by Grinder

Illustrated notes

Levels and vault maps discovered:
D:1:      evilmike_arrival_rings, layout_loops_cross, serial_shops,
          nicolae_shop_bloodbath_and_beyond
D:2:      layout_loops_ring, chequers_serial_rivers_small_3,
          hangedman_feature_mirror
D:3:      layout_basic, slow_altar_1, ebering_ghost_rock_garden, uniq_grinder

Skill      XL: |  1  2  3  4 |
---------------+-------------+-----
Dodging        | 1 2 |  2.6
Long Blades    | 3 4 |  4.4
Fighting       | 4 |  4.1
Armour         | |  2.7
Shields        | |  3.0

Action                   |  1- 3 |  4- 6 || total
-------------------------+-------+-------++-------
Melee: Long sword        |   152 |    70 ||   222
Throw: Javelin           |       |     1 ||     1
  Use: Scroll            |       |     5 ||     5
       Potion            |       |     2 ||     2
Armor: Chain mail        |    92 |    32 ||   124
       Scale mail        |     1 |       ||     1
Dodge: Dodged            |    62 |    24 ||    86
Block: Buckler           |    41 |    14 ||    55

Table legend: (Time is in decaauts)
 A = Elapsed time spent in this place.
 B = Non-inter-level travel time spent in this place.
 C = Inter-level travel time spent in this place.
 D = Time resting spent in this place.
 E = Time spent auto-exploring this place.
 F = Levels seen in this place.
 G = Mean time per level.
                   A        B        C        D        E       F      G
               +--------+--------+--------+--------+--------+-----+--------+
         Total |   2604 |   2549 |     55 |    402 |   1604 |   3 |  868.0 |
       Dungeon |   2604 |   2549 |     55 |    402 |   1604 |   3 |  868.0 |
               +--------+--------+--------+--------+--------+-----+--------+

Top non-repeatable levels by time:
     D:2: 1173 daAuts
     D:1: 833 daAuts
     D:3: 597 daAuts
